 Dungeon Crawl Stone Soup version 0.28.0-1-gb440e238dd (webtiles) character file.

Game seed: 5607233104920885431

673 Ablot the Grasshopper (level 7, -3/56 HPs)
             Began as a Gnoll Warper on Feb 24, 2022.
             Slain by an orc (4 damage)
             ... on level 5 of the Dungeon.
             The game lasted 00:07:09 (5169 turns).

Ablot the Grasshopper (Gnoll Warper)                Turns: 5169, Time: 00:07:10

Health: -3/56      AC:  4    Str: 12    XL:     7   Next: 59%
Magic:  15/15      EV: 17    Int: 12    God:
Gold:   213        SH:  0    Dex: 12    Spells: 15/17 levels left

rFire   . . .      SeeInvis .   y - +2 short sword (speed)
rCold   . . .      Faith    .   (no shield)
rNeg    . . .      Spirit   .   b - +0 leather armour
rPois   .          Reflect  .   (no helmet)
rElec   .          Harm     .   (no cloak)
rCorr   .          Rampage  .   m - +0 pair of gloves
Will    .....                   (no boots)
Stlth   ++........              (no amulet)
HPRegen 0.18/turn               j - +4 ring of evasion
MPRegen 0.14/turn               (no ring)

@: no status effects
A: fangs 1, strong nose, distributed training
a: no special abilities


You were on level 5 of the Dungeon.
You visited 1 branch of the dungeon, and saw 5 of its levels.

You collected 213 gold pieces.

Inventory:

Hand Weapons
 a - a +0 trident
 s - the +5 hunting sling "Tinu Iju" {flame, Fragile Str+4 Int-2 Dex+3}
   (You found it on level 3 of the Dungeon)

   Any ammunition fired from it burns those it strikes, dealing additional fire
   damage.
   Str:       It affects your strength (+4).
   Int:       It affects your intelligence (-2).
   Dex:       It affects your dexterity (+3).
   Fragile:   It will be destroyed if unequipped.
 y - a +2 short sword of speed (weapon)
Missiles
 d - 2 boomerangs of dispersal
 f - 11 poisoned darts (quivered)
 g - 71 stones
 x - 4 boomerangs
 z - 11 arrows
Armour
 b - a +0 leather armour (worn)
 m - a +0 pair of gloves (worn)
Jewellery
 j - a +4 ring of evasion (left hand)
 t - a ring of fire
Scrolls
 c - 2 scrolls of blinking
 e - 2 scrolls of enchant armour {unknown}
 i - 2 scrolls of fear {unknown}
 k - a scroll of summoning {unknown}
 l - 3 scrolls of identify {unknown}
 n - a scroll of holy word {unknown}
 q - a scroll of fog {unknown}
 r - a scroll of teleportation {unknown}
 v - a scroll of torment {unknown}
 A - a scroll of immolation {unknown}
 B - a scroll of enchant weapon {unknown}
Potions
 h - 2 potions of flight {unknown}
 o - a potion of mutation {unknown}
 p - a potion of lignification {unknown}
 u - a potion of cancellation {unknown}
 w - a potion of ambrosia {unknown}
 C - a potion of resistance {unknown}


   Skills:
 + Level 5.3 Fighting
 + Level 2.6 Short Blades
 + Level 2.6 Long Blades
 + Level 2.6 Axes
 + Level 2.6 Maces & Flails
 + Level 5.3 Polearms
 + Level 2.6 Staves
 + Level 2.6 Slings
 + Level 2.6 Bows
 + Level 2.6 Crossbows
 + Level 3.7 Throwing
 + Level 3.7 Armour
 + Level 5.3 Dodging
 + Level 2.6 Stealth
 + Level 2.6 Shields
 + Level 2.6 Unarmed Combat
 + Level 5.6 Spellcasting
 + Level 2.1 Conjurations
 + Level 2.1 Hexes
 + Level 2.1 Summonings
 + Level 2.1 Necromancy
 + Level 5.9 Translocations
 + Level 2.1 Transmutations
 + Level 2.1 Fire Magic
 + Level 2.1 Ice Magic
 + Level 2.1 Air Magic
 + Level 2.1 Earth Magic
 + Level 2.1 Poison Magic
 + Level 2.9 Invocations
 + Level 2.6 Evocations


You had 15 spell levels left.
You knew the following spells:

 Your Spells              Type           Power      Damage    Failure   Level
a - Blink                 Tloc           34%        N/A       3%          2

Your spell library contained the following spells:

 Spells                   Type           Power      Damage    Failure   Level
 Gell's Gravitas          Tloc           17%        N/A       6%          3
 Lesser Beckoning         Tloc           17%        N/A       6%          3
 Teleport Other           Tloc           17%        N/A       6%          3
 Magic Dart               Conj           32%        1d4       10%         1
 Call Imp                 Summ           8%         N/A       16%         2
 Mephitic Cloud           Conj/Pois/Air  8%         N/A       30%         3
 Manifold Assault         Tloc           17%        N/A       52%         5


Dungeon Overview and Level Annotations

Branches:
Dungeon (5/15)
 Temple: D:4-7

Altars:
The Shining One

Shops:
D:1 :


Innate Abilities, Weirdness & Mutations

You have very sharp teeth.
Your uncanny sense of smell can sniff out nearby items.
Your experience applies equally to all skills.


Message History

The orc throws a boomerang.
The boomerang closely misses you.
You hit the orc. You punch the orc.
The orc is severely wounded.
You hit the orc but do no damage.
The orc is severely wounded.
The orc completely misses you.
You hit the orc but do no damage. Your punch misses the orc.
The orc is severely wounded.
The orc hits you with a +0 mace.
* * * LOW HITPOINT WARNING * * *
Unknown command.
You hit the orc but do no damage. Your bite misses the orc.
The orc is severely wounded.
The orc sings a few bars from the Orcish anthem.
You hit the orc but do no damage.
The orc is severely wounded.
The orc hits you with a +0 mace.
* * * LOW HITPOINT WARNING * * *
Unknown command.
You barely miss the orc.
The orc is severely wounded.
The orc misses you.
Unknown command.
You hit the orc but do no damage.
The orc is severely wounded.
You barely miss the orc.
The orc is severely wounded.
The orc hits you with a +0 mace.
* * * LOW HITPOINT WARNING * * *
Unknown command.
You hit the orc but do no damage.
The orc is severely wounded.
You hit the orc but do no damage. You bite the orc, but do no damage.
The orc is severely wounded.
The orc barely misses you.
Unknown command.
You hit the orc.
The orc is almost dead.
The orc hits you with a +0 mace.
You die...

...# #..# ...# #..#
######..# ∆ #....#).#
#.#..)..# #.#
#.##.#<.####..... ..
#......oo@......# #.
.###..#.#.#####.#...
.........# ####..#.#.#
#.##.# ..........#
#.##.# #######.###
#.##.# ##### #.# #.##.#
#.##...# #.# #.##.#
.....#<####.#######.##.#


You could see 2 orcs.

Vanquished Creatures
  Duvessa (D:4)
  2 black bears (D:4)
  Dowan (D:4)
  A jelly (D:4)
  2 orc priests
  A hound (D:4)
  A centaur skeleton (D:4)
  A hound skeleton (D:4)
  8 adders
  A worm (D:2)
  A dart slug (D:2)
  14 orcs
  6 ball pythons
  6 endoplasms
  A giant cockroach (D:1)
  7 goblins
  6 hobgoblins
  8 jackals
  5 quokkas
  11 bats
  9 kobolds
  4 rats
97 creatures vanquished.

Notes
Turn   | Place    | Note
-------+----------+-------------------------------------------
     0 | D:1      | Ablot the Gnoll Warper began the quest for the Orb.
     0 | D:1      | Reached XP level 1. HP: 20/20 MP: 6/6
   201 | D:1      | Reached XP level 2. HP: 26/26 MP: 7/7
   204 | D:1      | Learned a level 2 spell: Blink
   436 | D:1      | Found a faded altar of an unknown god.
   523 | D:1      | Found Woaps's Book Shop.
   851 | D:2      | Reached XP level 3. HP: 21/31 MP: 9/9
   981 | D:2      | Reached skill level 5 in Spellcasting
  1272 | D:2      | Reached skill level 1 in Invocations
  1494 | D:2      | Reached skill level 1 in Short Blades
  1494 | D:2      | Reached skill level 1 in Long Blades
  1494 | D:2      | Reached skill level 1 in Axes
  1494 | D:2      | Reached skill level 1 in Maces & Flails
  1494 | D:2      | Reached skill level 1 in Staves
  1494 | D:2      | Reached skill level 1 in Slings
  1494 | D:2      | Reached skill level 1 in Bows
  1494 | D:2      | Reached skill level 1 in Crossbows
  1494 | D:2      | Reached skill level 1 in Stealth
  1494 | D:2      | Reached skill level 1 in Shields
  1494 | D:2      | Reached skill level 1 in Unarmed Combat
  1494 | D:2      | Reached skill level 1 in Evocations
  1496 | D:2      | Reached XP level 4. HP: 34/38 MP: 11/11
  2158 | D:3      | Reached skill level 1 in Conjurations
  2158 | D:3      | Reached skill level 1 in Hexes
  2158 | D:3      | Reached skill level 1 in Summonings
  2158 | D:3      | Reached skill level 1 in Necromancy
  2158 | D:3      | Reached skill level 1 in Transmutations
  2158 | D:3      | Reached skill level 1 in Fire Magic
  2158 | D:3      | Reached skill level 1 in Ice Magic
  2158 | D:3      | Reached skill level 1 in Air Magic
  2158 | D:3      | Reached skill level 1 in Earth Magic
  2158 | D:3      | Reached skill level 1 in Poison Magic
  2534 | D:3      | Identified the +5 hunting sling "Tinu Iju" {flame, Fragile
                  | Str+4 Int-2 Dex+3}
  2844 | D:3      | Found a glowing golden altar of the Shining One.
  3111 | D:3      | Reached XP level 5. HP: 43/43 MP: 12/12
  3814 | D:4      | Noticed a black bear
  3842 | D:4      | Killed a black bear
  3843 | D:4      | Reached XP level 6. HP: 30/50 MP: 14/14
  4103 | D:4      | Reached skill level 5 in Fighting
  4103 | D:4      | Reached skill level 5 in Polearms
  4103 | D:4      | Reached skill level 5 in Dodging
  4512 | D:4      | Noticed Dowan
  4513 | D:4      | Noticed Duvessa
  4540 | D:4      | Killed Duvessa
  4541 | D:4      | Reached XP level 7. HP: 39/56 MP: 15/15
  4563 | D:4      | Killed Dowan
  4972 | D:5      | Entered Level 5 of the Dungeon
  5166 | D:5      | HP: 1/56 [orc (4)]
  5169 | D:5      | Slain by an orc

Illustrated notes

Levels and vault maps discovered:
D:1:      erik_arrival_blinker_ship, layout_loops_ring,
          shapermc_ecumenical_altar_ellora, serial_shops, shop, st_stairs_5
D:2:      layout_basic
D:3:      layout_basic, general_overflow_altar, minmay_box_of_dots
D:4:      layout_basic, uniq_duvessa
D:5:      layout_loops_ring, okawaru_altar_gauntlet_db, serial_shops,
          nicolae_diamond_shop

Skill      XL: |  1  2  3  4  5  6  7 |
---------------+----------------------+-----
Spellcasting   | 5 |  5.6
Invocations    | 1 2 |  2.9
Short Blades   | 1 2 |  2.6
Long Blades    | 1 2 |  2.6
Axes           | 1 2 |  2.6
Maces & Flails | 1 2 |  2.6
Staves         | 1 2 |  2.6
Slings         | 1 2 |  2.6
Bows           | 1 2 |  2.6
Crossbows      | 1 2 |  2.6
Stealth        | 1 2 |  2.6
Shields        | 1 2 |  2.6
Unarmed Combat | 1 2 |  2.6
Evocations     | 1 2 |  2.6
Conjurations   | 1 2 |  2.1
Hexes          | 1 2 |  2.1
Summonings     | 1 2 |  2.1
Necromancy     | 1 2 |  2.1
Transmutations | 1 2 |  2.1
Fire Magic     | 1 2 |  2.1
Ice Magic      | 1 2 |  2.1
Air Magic      | 1 2 |  2.1
Earth Magic    | 1 2 |  2.1
Poison Magic   | 1 2 |  2.1
Throwing       | 3 |  3.7
Armour         | 3 |  3.7
Fighting       | 5 |  5.3
Polearms       | 5 |  5.3
Dodging        | 5 |  5.3
Translocations | |  5.9

Action                   |  1- 3 |  4- 6 |  7- 9 || total
-------------------------+-------+-------+-------++-------
Melee: Spear             |    22 |       |       ||    22
       Bite              |     5 |    17 |     5 ||    27
       Trident           |    76 |   203 |       ||   279
       Punch             |       |     1 |     3 ||     4
       Short sword       |       |    32 |    70 ||   102
Throw: Dart              |       |    17 |     9 ||    26
       Boomerang         |       |       |     3 ||     3
 Cast: Blink             |       |     1 |       ||     1
 Stab: Sleeping          |     1 |     4 |       ||     5
Armor: Leather armour    |    13 |    45 |     7 ||    65
Dodge: Dodged            |    57 |   201 |    52 ||   310
